2160 views
Uploaded 2022-06-21 00:55:05
Game version 1.32.10
17:35 long 3on3 ladder game on (8)Mur'gulOasis_LV
Saved by Cabeelibob
2160 views
Uploaded 2022-06-21 00:55:05
Game version 1.32.10
17:35 long 3on3 ladder game on (8)Mur'gulOasis_LV


75 units @ 6.5k
/ 0.6k
111 buildings @ 9k
/ 4.6k



| Orb of Fire | 1 | 325 |
| Orb of Lightning | 1 | 375 |
| total: | 2 | 700g |
| Peasant | 15 | 1125 | / | 0 |
| Flying Machine | 15 | 1500 | / | 450 |
| total: | 30 | 2625g | / | 450w |
| Scout Tower | 5 | 150 | / | 100 |
| Arcane Tower | 2 | 140 | / | 100 |
| Guard Tower | 1 | 70 | / | 50 |
| Altar of Kings | 1 | 180 | / | 50 |
| Farm | 15 | 1200 | / | 300 |
| Lumber Mill | 1 | 120 | / | 0 |
| Town Hall | 1 | 385 | / | 205 |
| Blacksmith | 2 | 280 | / | 120 |
| Workshop | 3 | 420 | / | 420 |
| Keep | 1 | 320 | / | 210 |
| Castle | 1 | 360 | / | 210 |
| total: | 28 | 2735g | / | 1195w |
| 0:04 | Peasant |
| 0:04 | Peasant |
| 0:07 | Altar of Kings |
| 0:12 | Farm |
| 0:14 | Farm |
| 0:22 | Peasant |
| 0:22 | Peasant |
| 0:39 | Peasant |
| 0:40 | Peasant |
| 0:44 | Scout Tower |
| 1:02 | Peasant |
| 1:03 | Peasant |
| 1:11 | Peasant |
| 1:19 | Farm |
| 1:23 | Lumber Mill |
| 1:31 | Peasant |
| 1:41 | Arcane Tower |
| 1:45 | Peasant |
| 2:03 | Peasant |
| 2:13 | Peasant |
| 2:13 | Peasant |
| 2:13 | Peasant |
| 2:38 | Improved Lumber Harvesting |
| 2:38 | Improved Masonry |
| 2:51 | Storm Bolt |
| 3:29 | Town Hall |
| 4:06 | Scout Tower |
| 4:27 | Arcane Tower |
| 4:50 | Bash |
| 5:04 | Keep |
| 5:40 | Blacksmith |
| 6:23 | Farm |
| 6:23 | Farm |
| 7:07 | Bash |
| 7:25 | Castle |
| 8:17 | Workshop |
| 8:18 | Workshop |
| 8:21 | Workshop |
| 8:22 | Black Gunpowder |
| 8:22 | Iron Plating |
| 8:39 | Blacksmith |
| 8:49 | Holy Light |
| 9:34 | Flying Machine |
| 9:34 | Flying Machine |
| 9:34 | Flying Machine |
| 9:40 | Flak Cannons |
| 9:58 | Flying Machine Bombs |
| 9:59 | Refined Gunpowder |
| 10:12 | Storm Bolt |
| 10:44 | Holy Light |
| 11:11 | Flying Machine |
| 11:11 | Flying Machine |
| 11:11 | Flying Machine |
| 11:11 | Flying Machine |
| 11:11 | Flying Machine |
| 11:12 | Flying Machine |
| 11:12 | Flying Machine |
| 11:19 | Imbued Gunpowder |
| 11:53 | Steel Plating |
| 12:01 | Farm |
| 12:13 | Farm |
| 12:16 | Farm |
| 12:33 | Flying Machine |
| 12:33 | Flying Machine |
| 12:34 | Flying Machine |
| 12:51 | Scout Tower |
| 12:52 | Scout Tower |
| 12:53 | Scout Tower |
| 12:57 | Advanced Masonry |
| 13:01 | Divine Shield |
| 13:09 | Orb of Lightning |
| 13:35 | Orb of Fire |
| 13:52 | Flying Machine |
| 13:52 | Flying Machine |
| 14:05 | Mithril Plating |
| 14:15 | Brilliance Aura |
| 14:35 | Imbued Masonry |
| 14:57 | Divine Shield |
| 15:47 | Farm |
| 15:49 | Farm |
| 15:51 | Farm |
| 15:54 | Farm |
| 15:58 | Guard Tower |
| 16:00 | Farm |
| 16:00 | Farm |
| 16:01 | Farm |
| 16:41 | Storm Bolt |
| Right click | 493 |
| Select | 269 |
| Select group | 79 |
| Build/train/purchase | 68 |
| Use ability | 32 |
| Chat | 25 |
| Resource trade | 8 |
| Assign group | 7 |
| Minimap ping | 7 |
| Misc. action | 6 |
| Item give/drop | 5 |
| Remove unit | 2 |
| Esc | 2 |
DudeWhy
(236)
(17:33) : 
| Healing Salve | 3 | 300 |
| Potion of Healing | 1 | 150 |
| Boots of Speed | 1 | 250 |
| Staff of Teleportation | 1 | 150 |
| total: | 6 | 850g |
| Peon | 21 | 1575 | / | 0 |
| Troll Witch Doctor | 2 | 290 | / | 50 |
| total: | 23 | 1865g | / | 50w |
| Watch Tower | 11 | 1210 | / | 880 |
| Altar of Storms | 1 | 180 | / | 50 |
| Orc Burrow | 2 | 320 | / | 80 |
| Voodoo Lounge | 2 | 260 | / | 60 |
| War Mill | 1 | 205 | / | 0 |
| Great Hall | 1 | 385 | / | 185 |
| Spirit Lodge | 1 | 150 | / | 150 |
| Stronghold | 1 | 315 | / | 190 |
| Fortress | 1 | 325 | / | 190 |
| total: | 19 | 2710g | / | 1405w |
| 0:02 | Peon |
| 0:08 | Peon |
| 0:18 | Altar of Storms |
| 0:19 | Peon |
| 0:33 | Orc Burrow |
| 0:35 | Peon |
| 0:48 | Peon |
| 1:15 | Peon |
| 1:32 | Peon |
| 1:41 | Voodoo Lounge |
| 1:45 | War Mill |
| 1:46 | Peon |
| 1:58 | Peon |
| 2:04 | Orc Burrow |
| 2:06 | Peon |
| 2:24 | Wind Walk |
| 2:35 | Peon |
| 3:01 | Watch Tower |
| 3:02 | Watch Tower |
| 3:03 | Watch Tower |
| 3:54 | Great Hall |
| 3:56 | Voodoo Lounge |
| 4:36 | Watch Tower |
| 4:37 | Watch Tower |
| 5:32 | Critical Strike |
| 6:09 | Watch Tower |
| 6:30 | Healing Salve |
| 6:32 | Stronghold |
| 7:15 | Peon |
| 7:16 | Peon |
| 7:16 | Peon |
| 7:57 | Peon |
| 8:22 | Healing Salve |
| 9:13 | Boots of Speed |
| 9:28 | Fortress |
| 9:31 | Spirit Lodge |
| 9:42 | Staff of Teleportation |
| 10:08 | Critical Strike |
| 10:53 | Witch Doctor Adept Training |
| 11:48 | Watch Tower |
| 11:49 | Watch Tower |
| 11:50 | Watch Tower |
| 11:52 | Watch Tower |
| 11:53 | Watch Tower |
| 11:56 | Witch Doctor Master Training |
| 11:57 | Troll Witch Doctor |
| 11:57 | Troll Witch Doctor |
| 12:20 | Peon |
| 12:20 | Peon |
| 12:20 | Peon |
| 12:20 | Peon |
| 12:21 | Peon |
| 12:21 | Peon |
| 13:51 | Healing Salve |
| 15:25 | Wind Walk |
| 16:17 | Potion of Healing |
| 16:33 | Critical Strike |
| 17:29 | Bladestorm |
| Right click | 509 |
| Select | 141 |
| Build/train/purchase | 54 |
| Resource trade | 50 |
| Select group | 26 |
| Use ability | 11 |
| Misc. action | 7 |
| Item give/drop | 6 |
| Minimap ping | 3 |
| Assign group | 2 |

| Peasant | 19 | 1425 | / | 0 |
| Dragonhawk Rider | 3 | 600 | / | 90 |
| total: | 22 | 2025g | / | 90w |
| Scout Tower | 48 | 1440 | / | 960 |
| Arcane Tower | 16 | 1120 | / | 800 |
| Guard Tower | 21 | 1470 | / | 1050 |
| Altar of Kings | 1 | 180 | / | 50 |
| Farm | 7 | 560 | / | 140 |
| Lumber Mill | 1 | 120 | / | 0 |
| Arcane Vault | 1 | 130 | / | 30 |
| Blacksmith | 1 | 140 | / | 60 |
| Town Hall | 1 | 385 | / | 205 |
| Cannon Tower | 1 | 120 | / | 100 |
| Gryphon Aviary | 1 | 140 | / | 150 |
| Arcane Sanctum | 2 | 300 | / | 280 |
| Workshop | 1 | 140 | / | 140 |
| Keep | 1 | 320 | / | 210 |
| Castle | 1 | 360 | / | 210 |
| total: | 64 | 3535g | / | 2015w |
| 0:06 | Altar of Kings |
| 0:08 | Farm |
| 0:12 | Farm |
| 0:12 | Peasant |
| 0:19 | Peasant |
| 0:29 | Peasant |
| 0:44 | Peasant |
| 1:02 | Lumber Mill |
| 1:04 | Peasant |
| 1:11 | Farm |
| 1:29 | Peasant |
| 1:45 | Scout Tower |
| 1:55 | Peasant |
| 2:11 | Improved Masonry |
| 2:25 | Storm Bolt |
| 2:31 | Farm |
| 2:32 | Arcane Tower |
| 2:33 | Peasant |
| 2:33 | Peasant |
| 3:15 | Scout Tower |
| 3:16 | Scout Tower |
| 3:20 | Peasant |
| 3:20 | Peasant |
| 3:20 | Peasant |
| 3:20 | Peasant |
| 3:30 | Scout Tower |
| 3:56 | Scout Tower |
| 3:58 | Guard Tower |
| 4:03 | Scout Tower |
| 4:03 | Scout Tower |
| 4:10 | Arcane Tower |
| 4:21 | Farm |
| 4:29 | Scout Tower |
| 5:08 | Peasant |
| 5:09 | Peasant |
| 5:09 | Peasant |
| 5:15 | Guard Tower |
| 5:26 | Guard Tower |
| 5:28 | Scout Tower |
| 5:29 | Scout Tower |
| 5:32 | Guard Tower |
| 5:34 | Scout Tower |
| 5:45 | Scout Tower |
| 5:45 | Scout Tower |
| 5:49 | Peasant |
| 5:49 | Peasant |
| 5:53 | Improved Lumber Harvesting |
| 6:01 | Scout Tower |
| 6:03 | Arcane Tower |
| 6:04 | Arcane Tower |
| 6:06 | Scout Tower |
| 6:09 | Scout Tower |
| 6:17 | Peasant |
| 6:23 | Scout Tower |
| 6:23 | Scout Tower |
| 6:27 | Guard Tower |
| 6:29 | Arcane Tower |
| 6:35 | Scout Tower |
| 6:39 | Arcane Tower |
| 6:52 | Keep |
| 6:55 | Scout Tower |
| 6:56 | Scout Tower |
| 6:59 | Arcane Tower |
| 7:07 | Guard Tower |
| 7:12 | Scout Tower |
| 7:14 | Scout Tower |
| 7:18 | Arcane Tower |
| 7:26 | Guard Tower |
| 7:28 | Scout Tower |
| 7:30 | Scout Tower |
| 7:45 | Arcane Tower |
| 7:50 | Guard Tower |
| 7:51 | Guard Tower |
| 7:53 | Scout Tower |
| 7:54 | Scout Tower |
| 7:57 | Guard Tower |
| 8:00 | Guard Tower |
| 8:02 | Scout Tower |
| 8:03 | Scout Tower |
| 8:10 | Guard Tower |
| 8:22 | Arcane Tower |
| 8:23 | Arcane Tower |
| 8:26 | Scout Tower |
| 8:27 | Scout Tower |
| 8:27 | Scout Tower |
| 8:30 | Arcane Tower |
| 8:31 | Arcane Tower |
| 8:33 | Scout Tower |
| 8:34 | Scout Tower |
| 8:55 | Guard Tower |
| 8:56 | Guard Tower |
| 9:00 | Scout Tower |
| 9:03 | Guard Tower |
| 9:05 | Scout Tower |
| 9:06 | Guard Tower |
| 9:10 | Scout Tower |
| 9:10 | Scout Tower |
| 9:33 | Advanced Masonry |
| 9:37 | Castle |
| 9:43 | Gryphon Aviary |
| 9:48 | Arcane Vault |
| 9:58 | Arcane Tower |
| 9:59 | Guard Tower |
| 10:02 | Scout Tower |
| 10:03 | Scout Tower |
| 10:21 | Scout Tower |
| 10:25 | Scout Tower |
| 10:34 | Scout Tower |
| 10:35 | Scout Tower |
| 10:54 | Arcane Tower |
| 10:57 | Guard Tower |
| 11:09 | Arcane Sanctum |
| 11:14 | Arcane Sanctum |
| 11:20 | Blacksmith |
| 11:30 | Arcane Tower |
| 11:32 | Guard Tower |
| 12:01 | Scout Tower |
| 12:02 | Scout Tower |
| 12:03 | Scout Tower |
| 12:03 | Scout Tower |
| 12:15 | Cloud |
| 12:55 | Farm |
| 12:56 | Farm |
| 12:57 | Sorceress Adept Training |
| 12:58 | Magic Sentry |
| 13:17 | Workshop |
| 13:37 | Imbued Masonry |
| 13:40 | Dragonhawk Rider |
| 13:40 | Dragonhawk Rider |
| 13:40 | Dragonhawk Rider |
| 13:55 | Guard Tower |
| 14:54 | Town Hall |
| 17:13 | Cannon Tower |
| Right click | 371 |
| Select | 241 |
| Select group | 149 |
| Build/train/purchase | 79 |
| Misc. action | 13 |
| Assign group | 9 |
| Use ability | 5 |
| Remove unit | 4 |
99 units @ 11.8k
/ 2k
44 buildings @ 5.7k
/ 2.2k

| Wisp | 24 | 1440 | / | 0 |
| Archer | 5 | 650 | / | 50 |
| Hippogryph | 7 | 1120 | / | 140 |
| Druid of the Talon | 5 | 725 | / | 100 |
| total: | 41 | 3935g | / | 290w |
| Altar of Elders | 1 | 180 | / | 50 |
| Moon Well | 4 | 720 | / | 160 |
| Ancient of War | 1 | 150 | / | 60 |
| Hunter's Hall | 2 | 420 | / | 200 |
| Ancient of Wonders | 1 | 90 | / | 30 |
| Ancient of Wind | 2 | 300 | / | 280 |
| Tree of Ages | 1 | 320 | / | 180 |
| Tree of Eternity | 1 | 330 | / | 200 |
| total: | 11 | 1860g | / | 780w |
| 0:13 | Altar of Elders |
| 0:19 | Moon Well |
| 0:21 | Wisp |
| 0:21 | Wisp |
| 0:46 | Wisp |
| 1:21 | Moon Well |
| 1:27 | Ancient of War |
| 1:56 | Wisp |
| 1:56 | Wisp |
| 3:20 | Hunter's Hall |
| 3:23 | Archer |
| 3:23 | Archer |
| 3:24 | Archer |
| 3:36 | Trueshot Aura |
| 4:25 | Wisp |
| 5:46 | Wisp |
| 5:46 | Wisp |
| 5:47 | Wisp |
| 5:47 | Wisp |
| 5:47 | Wisp |
| 6:04 | Tree of Ages |
| 6:10 | Hunter's Hall |
| 7:17 | Ancient of Wonders |
| 7:23 | Moon Well |
| 8:25 | Moon Well |
| 8:30 | Archer |
| 9:23 | Ancient of Wind |
| 9:27 | Archer |
| 9:31 | Wisp |
| 9:31 | Wisp |
| 9:31 | Wisp |
| 9:31 | Wisp |
| 9:31 | Wisp |
| 9:31 | Wisp |
| 11:16 | Searing Arrows |
| 11:49 | Hippogryph |
| 11:50 | Hippogryph |
| 11:50 | Hippogryph |
| 11:52 | Hippogryph |
| 11:53 | Hippogryph |
| 11:54 | Hippogryph |
| 11:56 | Hippogryph |
| 12:08 | Tree of Eternity |
| 14:47 | Druid of the Talon |
| 14:48 | Druid of the Talon |
| 14:48 | Druid of the Talon |
| 14:49 | Druid of the Talon |
| 14:49 | Druid of the Talon |
| 15:07 | Wisp |
| 15:07 | Wisp |
| 15:07 | Wisp |
| 15:07 | Wisp |
| 15:08 | Wisp |
| 15:08 | Wisp |
| 15:08 | Wisp |
| 16:16 | Ancient of Wind |
| Right click | 297 |
| Select | 118 |
| Build/train/purchase | 46 |
| Remove unit | 5 |
| Minimap ping | 1 |

| Healing Salve | 2 | 200 |
| Lesser Clarity Potion | 3 | 210 |
| Scroll of Speed | 1 | 50 |
| total: | 6 | 460g |
| Peon | 10 | 750 | / | 0 |
| Grunt | 4 | 800 | / | 0 |
| Troll Batrider | 21 | 3360 | / | 840 |
| total: | 35 | 4910g | / | 840w |
| Altar of Storms | 1 | 180 | / | 50 |
| Orc Burrow | 6 | 960 | / | 240 |
| Barracks | 1 | 180 | / | 50 |
| Voodoo Lounge | 2 | 260 | / | 60 |
| War Mill | 1 | 205 | / | 0 |
| Beastiary | 2 | 290 | / | 280 |
| Stronghold | 1 | 315 | / | 190 |
| Fortress | 1 | 325 | / | 190 |
| total: | 13 | 2075g | / | 680w |
| 0:06 | Peon |
| 0:06 | Peon |
| 0:11 | Altar of Storms |
| 0:15 | Orc Burrow |
| 0:18 | Peon |
| 0:52 | Peon |
| 1:04 | Peon |
| 1:13 | Barracks |
| 1:15 | Peon |
| 1:36 | Voodoo Lounge |
| 1:43 | Voodoo Lounge |
| 1:49 | Orc Burrow |
| 2:00 | War Mill |
| 2:03 | Peon |
| 2:20 | Peon |
| 2:20 | Peon |
| 2:28 | Wind Walk |
| 2:43 | Peon |
| 2:51 | Grunt |
| 3:11 | Healing Salve |
| 3:12 | Lesser Clarity Potion |
| 3:12 | Scroll of Speed |
| 3:46 | Stronghold |
| 5:54 | Grunt |
| 5:54 | Grunt |
| 5:55 | Grunt |
| 6:04 | Lesser Clarity Potion |
| 6:11 | Beastiary |
| 6:16 | Beastiary |
| 6:30 | Fortress |
| 6:35 | Orc Burrow |
| 6:37 | Steel Ranged Weapons |
| 7:18 | Troll Batrider |
| 7:29 | Troll Batrider |
| 7:30 | Troll Batrider |
| 7:37 | Orc Burrow |
| 7:44 | Mirror Image |
| 7:55 | Troll Batrider |
| 8:36 | Troll Batrider |
| 8:39 | Troll Batrider |
| 8:43 | Orc Burrow |
| 8:54 | Liquid Fire |
| 9:35 | Troll Batrider |
| 9:38 | Troll Batrider |
| 9:40 | Critical Strike |
| 10:07 | Troll Batrider |
| 10:15 | Lesser Clarity Potion |
| 10:20 | Healing Salve |
| 10:31 | Troll Batrider |
| 10:37 | Orc Burrow |
| 10:40 | Thorium Ranged Weapons |
| 10:55 | Troll Batrider |
| 11:57 | Steel Armor |
| 12:20 | Troll Batrider |
| 12:21 | Troll Batrider |
| 12:41 | Troll Batrider |
| 14:04 | Troll Batrider |
| 14:05 | Troll Batrider |
| 14:06 | Troll Batrider |
| 14:07 | Troll Batrider |
| 16:07 | Troll Batrider |
| 16:07 | Troll Batrider |
| 16:07 | Troll Batrider |
| Right click | 479 |
| Select | 269 |
| Build/train/purchase | 70 |
| Chat | 42 |
| Use ability | 30 |
| Select group | 29 |
| Misc. action | 13 |
| Assign group | 11 |
| Minimap ping | 3 |
| Item give/drop | 1 |
| Esc | 1 |

| Potion of Healing | 2 | 300 |
| Scroll of Regeneration | 2 | 200 |
| Scroll of Healing | 1 | 250 |
| total: | 5 | 750g |
| Peasant | 11 | 825 | / | 0 |
| Mortar Team | 12 | 2160 | / | 840 |
| total: | 23 | 2985g | / | 840w |
| Scout Tower | 5 | 150 | / | 100 |
| Altar of Kings | 1 | 180 | / | 50 |
| Farm | 9 | 720 | / | 180 |
| Lumber Mill | 1 | 120 | / | 0 |
| Blacksmith | 1 | 140 | / | 60 |
| Arcane Vault | 1 | 130 | / | 30 |
| Cannon Tower | 4 | 480 | / | 400 |
| Workshop | 2 | 280 | / | 280 |
| Keep | 1 | 320 | / | 210 |
| Castle | 1 | 360 | / | 210 |
| total: | 20 | 1720g | / | 700w |
| 0:34 | Peasant |
| 0:34 | Peasant |
| 0:34 | Peasant |
| 1:10 | Altar of Kings |
| 1:13 | Farm |
| 1:34 | Lumber Mill |
| 1:37 | Peasant |
| 1:37 | Peasant |
| 1:37 | Peasant |
| 1:56 | Farm |
| 2:21 | Peasant |
| 2:21 | Peasant |
| 2:42 | Improved Lumber Harvesting |
| 2:55 | Keep |
| 3:15 | Blacksmith |
| 3:24 | Divine Shield |
| 3:40 | Farm |
| 4:27 | Farm |
| 4:37 | Black Gunpowder |
| 4:38 | Studded Leather Armor |
| 4:47 | Scout Tower |
| 5:17 | Workshop |
| 5:44 | Scout Tower |
| 5:52 | Advanced Lumber Harvesting |
| 5:53 | Peasant |
| 5:54 | Peasant |
| 5:56 | Peasant |
| 6:16 | Scout Tower |
| 6:24 | Cannon Tower |
| 6:25 | Cannon Tower |
| 6:29 | Mortar Team |
| 6:29 | Mortar Team |
| 6:29 | Mortar Team |
| 6:29 | Mortar Team |
| 6:43 | Cannon Tower |
| 6:48 | Farm |
| 7:13 | Workshop |
| 7:35 | Farm |
| 8:08 | Devotion Aura |
| 8:18 | Arcane Vault |
| 8:32 | Castle |
| 8:37 | Mortar Team |
| 8:38 | Mortar Team |
| 8:55 | Potion of Healing |
| 8:55 | Scroll of Regeneration |
| 9:26 | Refined Gunpowder |
| 9:27 | Reinforced Leather Armor |
| 10:02 | Mortar Team |
| 10:02 | Mortar Team |
| 10:02 | Mortar Team |
| 10:33 | Devotion Aura |
| 10:50 | Scroll of Healing |
| 11:18 | Farm |
| 12:07 | Divine Shield |
| 12:36 | Farm |
| 13:19 | Scout Tower |
| 13:22 | Fragmentation Shards |
| 13:25 | Imbued Gunpowder |
| 14:08 | Devotion Aura |
| 14:22 | Dragonhide Armor |
| 14:24 | Mortar Team |
| 14:25 | Mortar Team |
| 14:25 | Mortar Team |
| 14:47 | Farm |
| 14:49 | Cannon Tower |
| 14:57 | Scroll of Regeneration |
| 15:02 | Potion of Healing |
| 15:27 | Scout Tower |
| Right click | 172 |
| Select | 133 |
| Build/train/purchase | 58 |
| Select group | 55 |
| Assign group | 9 |
| Use ability | 5 |
| Item give/drop | 2 |
| Minimap ping | 1 |
⇛